 Dungeon Crawl Stone Soup version 0.30.0-3-ga4e48a9924 (webtiles) character file.

Game seed: 7995127296831026289

637 dialectric the Covert (level 7, -4/46 HPs)
             Began as an Octopode Delver on May 7, 2023.
             Was a Follower of Dithmenos.
             Slain by Edmund
             ... wielding a +2 flail of protection
              (13 damage)
             ... on level 6 of the Dungeon.
             The game lasted 00:04:39 (2987 turns).

dialectric the Covert (Octopode Delver)             Turns: 2987, Time: 00:04:39

Health: -4/46      AC:  1    Str: 17    XL:     7   Next: 50%
Magic:  7/7        EV: 10    Int: 12    God:    Dithmenos [*.....]
Gold:   315        SH:  0    Dex: 13    Spells: 6/6 levels left

rFire   . . .        j - +11 whip of Merr {venom, rC+ Str+3}
rCold   + . .        (no shield)
rNeg    . . .        (helmet restricted)
rPois   .            (no amulet)
rElec   .            (no ring)
rCorr   .            (no ring)
SInv    .            (no ring)
Will    .....        (no ring)
Stlth   +++++++      (no ring)
HPRegen 0.27/turn    (no ring)
MPRegen 0.10/turn    (no ring)
                     (no ring)

%: no passive effects
@: grasped by roots, hasted, wreathed by umbra, constricted, very quick
A: almost no armour, amphibious, 8 rings, camouflage 1, gelatinous body 1,
(nimble swimmer 1), tentacles
a: Renounce Religion


You were on level 6 of the Dungeon.
You worshipped Dithmenos.
Dithmenos was aware of your devotion.
You visited 1 branch of the dungeon, and saw 6 of its levels.

You collected 315 gold pieces.

Inventory:

Hand Weapons
 a - a +0 short sword
 j - the +11 whip of Merr (weapon) {venom, rC+ Str+3}
   (You found it on level 4 of the Dungeon)

   Str:       It affects your strength (+3).
   rC:        It protects you from cold.
 v - the +7 mace of Contention {antimagic, Will- Int+6}
   (You found it on level 2 of the Dungeon)

   Int:       It affects your intelligence (+6).
   Will:      It decreases your willpower.
Missiles
 g - 4 silver javelins (quivered)
Wands
 f - a wand of digging (8)
 u - a wand of flame (4)
Scrolls
 b - a scroll of fog
 c - a scroll of magic mapping
 d - 2 scrolls of fear
 i - 3 scrolls of enchant weapon {unknown}
 k - 7 scrolls of identify {unknown}
 o - 5 scrolls of teleportation {unknown}
 p - a scroll of amnesia {unknown}
 q - a scroll of immolation {unknown}
 s - a scroll of noise {unknown}
 x - a scroll of summoning {unknown}
Potions
 e - 2 potions of haste
 h - 3 potions of berserk rage {unknown}
 l - 2 potions of curing {unknown}
 m - 3 potions of flight {unknown}
 n - a potion of lignification {unknown}
 r - 2 potions of resistance {unknown}
 t - a potion of degeneration {unknown}
 w - a potion of mutation {unknown}
 z - a potion of brilliance {unknown}


   Skills:
 - Level 3.0 Fighting
 + Level 2.1 Short Blades
 + Level 3.8 Maces & Flails
 + Level 2.8 Dodging
 + Level 11.1 Stealth


You had 6 spell levels left.
You didn't know any spells.
Your spell library contained the following spells:

 Spells                   Type           Power      Damage    Failure   Level
 Volatile Blastmotes      Fire/Tloc      0%         2d10      69%         3
 Fulminant Prism          Conj/Hex       0%         3d5       97%         4
 Iskenderun's Mystic Bla  Conj/Tloc      0%         2d3       97%         4
 Summon Ice Beast         Ice/Summ       0%         N/A       97%         4
 Lee's Rapid Deconstruct  Erth           0%         3d4*      100%        5
 Ozocubu's Refrigeration  Ice            0%         4d7       100%        7
 Death's Door             Necr           0%         N/A       100%        9


Dungeon Overview and Level Annotations

Branches:
Dungeon (6/15)
 Temple: D:4-7

Altars:
Ashenzari
Dithmenos
Gozag
Kikubaaqudgha
Qazlal
Xom
Zin
The Shining One

Shops:
D:4 =

Annotations:
D:4 Sigmund
D:6 Edmund


Innate Abilities, Weirdness & Mutations

You cannot wear most types of armour.
You are amphibious.
You can wear up to eight rings at the same time.
Your skin changes colour to match your surroundings (Stealth+).
Your rubbery body absorbs attacks. (AC +1, EV +1)
((You are camouflaged when in or above water. (Stealth+)))
You have tentacles for arms and can constrict up to eight enemies at once.


Message History

Dithmenos accepts your kill.
Prince Ribbit returns to his original shape as he dies.
You have reached level 7!
HP restored.
You see here the human corpse of Prince Ribbit.
There is a stone staircase leading up here.
You see here a +0 scale mail.
A scorpion comes into view.
A scorpion is nearby!
Found an escape hatch in the floor.
Edmund the Younger comes into view.
He is wielding a +2 flail of protection and carrying a wand of roots (9).
The scorpion stings you.
You hit the scorpion but do no damage.
The scorpion is poisoned.
Your grab misses the scorpion. The scorpion closely misses you.
You whack the scorpion! Your grab misses the scorpion.
The scorpion is heavily wounded.
The scorpion stings you. The scorpion closely misses you.
You hit the scorpion.
The scorpion looks as sick as possible!
Your grab misses the scorpion. You squeeze the scorpion.
You kill the scorpion!
Dithmenos accepts your kill.
Edmund zaps a wand.
The roots erupt in riotous growth!
The grasping roots grab you!
Edmund is unaffected.
The grasping roots constrict you!
You hear a shout! x3; You hear an angry hiss.
Your Stealth skill increases to level 11!
Unknown command.
You feel yourself speed up.
You hear a shout!
Edmund hits you with a +2 flail of protection!
The grasping roots constrict you!
* * * LOW HITPOINT WARNING * * *
The grasping roots release their grip on you.
Edmund zaps a wand.
The roots erupt in riotous growth!
The grasping roots grab you!
Edmund is unaffected.
The grasping roots constrict you.
* * * LOW HITPOINT WARNING * * *
The roots grasp on you weakens, but your attempt to escape fails.
Edmund hits you with a +2 flail of protection!
You die...

#[# ...
#.##### ....
#.....# ...
#####.# ...
#.# #.###
#.# ...# #.#
#.####.###.#
#..†.@.....#
####@#######
..>. ###.#.
#.### #..
###


You could see Edmund.

Vanquished Creatures
  Prince Ribbit (D:6)
  An ogre (D:4)
  A phantom (D:4)
  2 scorpions
  Ijyb (D:4)
  2 orc wizards (D:5)
  4 adders
  A white imp (D:5)
  2 worms
  2 dart slugs
  4 orcs
  5 ball pythons
  5 bats
  4 endoplasms
  2 giant cockroaches
  4 goblins
  2 hobgoblins (D:2)
  2 kobolds
  3 quokkas
  A frilled lizard (D:1)
  4 rats
53 creatures vanquished.

Notes
Turn   | Place    | Note
-------+----------+-------------------------------------------
     0 | D:5      | dialectric the Octopode Delver began the quest for the Orb.
     0 | D:5      | Reached XP level 1. HP: 16/16 MP: 1/1
    21 | D:4      | Found a broken altar of Ashenzari.
    38 | D:4      | Identified the +11 whip of Merr {venom, rC+ Str+3}
    82 | D:3      | Found a shimmering altar of Xom.
   179 | D:3      | Found a shadowy altar of Dithmenos.
   191 | D:3      | Reached skill level 7 in Stealth
   191 | D:3      | Reached XP level 2. HP: 15/21 MP: 2/2
   192 | D:3      | Became a worshipper of Dithmenos the Shadowed
   377 | D:2      | Reached XP level 3. HP: 23/26 MP: 3/3
  1291 | D:2      | Reached skill level 8 in Stealth
  1399 | D:2      | Identified the +7 mace of Contention {antimagic, Will-
                  | Int+6}
  1409 | D:2      | Reached * piety under Dithmenos
  1702 | D:3      | Found a shimmering altar of Xom.
  1703 | D:3      | Found a shimmering altar of Xom.
  1787 | D:3      | Found an ancient bone altar of Kikubaaqudgha.
  1862 | D:3      | Reached skill level 1 in Maces & Flails
  1862 | D:3      | Reached XP level 4. HP: 31/31 MP: 4/4
  2054 | D:4      | Noticed Ijyb
  2061 | D:4      | Killed Ijyb
  2119 | D:4      | Noticed an ogre
  2127 | D:4      | Killed an ogre
  2128 | D:4      | Reached skill level 9 in Stealth
  2128 | D:4      | Reached XP level 5. HP: 36/36 MP: 5/5
  2143 | D:4      | Found a glowing golden altar of the Shining One.
  2154 | D:4      | Reached XP level 6. HP: 25/42 MP: 6/6
  2319 | D:4      | Identified the +5 plate armour "Isesuts" {rCorr}
  2364 | D:4      | Found Asseotum's Jewellery Shoppe.
  2398 | D:4      | Reached skill level 10 in Stealth
  2440 | D:4      | Noticed Sigmund
  2507 | D:5      | Found a glowing silver altar of Zin.
  2507 | D:5      | Found an opulent altar of Gozag.
  2507 | D:5      | Noticed Prince Ribbit
  2762 | D:5      | Got Pufi Kue's Compendium of Postmortem Frostbite
  2921 | D:6      | Killed Prince Ribbit
  2922 | D:6      | Reached XP level 7. HP: 35/46 MP: 7/7
  2981 | D:6      | Noticed Edmund
  2985 | D:6      | Reached skill level 11 in Stealth
  2987 | D:6      | Slain by Edmund

Illustrated notes

Levels and vault maps discovered:
D:1:      nzn_arrival_crosshair, layout_loops_ring, serial_bayou_lagoon_a
D:2:      layout_loops_ring
D:3:      layout_basic, kiku_gazebo_garden_becter, xom_redecorated,
          nicolae_dithmenos_the_darkroom
D:4:      layout_gridville, amcnicky_altar_gilded, mainiacjoe_overflow_alcove_1,
          serial_shops, nicolae_stop_n_shop_2, uniq_sigmund, uniq_grinder,
          uniq_ijyb
D:5:      layout_rooms, grunt_temple_overflow_gold_and_silver,
          lemuel_crystal_altar, kennysheep_little_box, uniq_prince_ribbit1
D:6:      layout_basic, minmay_temple_entry_fiery, serial_shops, shop,
          minmay_misc_feat_diagonals, chequers_arboretum, uniq_pikel,
          uniq_edmund

Skill      XL: |  1  2  3  4  5  6  7 |
---------------+----------------------+-----
Stealth        | 7 8 9 10 11 | 11.1
Maces & Flails | 1 2 3 |  3.8
Fighting       | |  3.0
Short Blades   | |  2.1
Dodging        | |  2.8

Action                     |  1- 3 |  4- 6 |  7- 9 || total
---------------------------+-------+-------+-------++-------
  Melee: Whip              |    43 |    33 |     3 ||    79
         Constrict         |     3 |     5 |       ||     8
         Tentacles         |     3 |     6 |     1 ||    10
    Use: Potion            |       |       |     1 ||     1
   Stab: Sleeping          |    21 |     5 |       ||    26
 Armour: Skin              |       |     1 |       ||     1
  Dodge: Dodged            |    11 |    23 |     2 ||    36
